 Dungeon Crawl Stone Soup version 0.29.1-13-g9f3cf754e1 (webtiles) character file.

Game seed: 880493190552914144

940 Hrothgar the Ruffian (level 7, 0/66 HPs)
             Began as a Troll Gladiator on Feb 5, 2023.
             Was an Initiate of Okawaru.
             Slain by a killer bee (7 damage)
             ... on level 7 of the Dungeon.
             The game lasted 00:08:40 (1848 turns).

Hrothgar the Ruffian (Troll Gladiator)              Turns: 1848, Time: 00:08:40

Health: 0/66       AC:  4    Str: 23    XL:     7   Next: 88%
Magic:  7/7        EV: 10    Int:  6    God:    Okawaru [......]
Gold:   110        SH:  0    Dex: 11    Spells: 4/8 levels left

rFire   . . .      SeeInvis .     - Unarmed
rCold   + . .      Faith    .   (no shield)
rNeg    . . .      Spirit   .   a - +0 robe
rPois   .          Reflect  .   b - +0 hat
rElec   .          Harm     .   (no cloak)
rCorr   .          Rampage  .   (gloves unavailable)
Will    .....                   (boots unavailable)
Stlth   ++........              (no amulet)
HPRegen 1.01/turn               e - ring of protection from cold
MPRegen 0.10/turn               (no ring)

@: no status effects
A: large, unfitting armour, claws 3, regeneration 1, shaggy fur 1, tough skin 1
a: Renounce Religion


You were on level 7 of the Dungeon.
You worshipped Okawaru.
Okawaru was noncommittal.
You visited 1 branch of the dungeon, and saw 7 of its levels.
You also visited: Sewer.

You collected 110 gold pieces.

Inventory:

Missiles
 c - 2 throwing nets (quivered)
 d - a large rock
 n - 3 boomerangs
Armour
 a - a +0 robe (worn)
 b - a +0 hat (worn)
Jewellery
 e - a ring of protection from cold (left claw)
Scrolls
 i - a scroll of noise
 l - a scroll of teleportation
 m - 2 scrolls of vulnerability
Potions
 f - 2 potions of heal wounds {unknown}
 h - 2 potions of might
 j - 2 potions of brilliance
 o - a potion of haste
 p - a potion of lignification {unknown}


   Skills:
 * Level 2.6 Fighting
 * Level 2.7 Throwing
 * Level 1.6 Armour
 * Level 3.9 Dodging
 * Level 1.3 Stealth
 * Level 5.9 Unarmed Combat
 * Level 1.1 Spellcasting
 * Level 1.3 Transmutations
 * Level 1.2 Poison Magic


You had 4 spell levels left.
You knew the following spells:

 Your Spells              Type           Power      Damage    Failure   Level
a - Beastly Appendage     Tmut           2%         N/A       26%         1
b - Sting                 Tmut/Pois      4%         1d3       26%         1
c - Wereblood             Tmut           1%         N/A       36%         2

Your spell library contained the following spells:

 Spells                   Type           Power      Damage    Failure   Level
 Poisonous Vapours        Pois/Air       2%         N/A       47%         2
 Spider Form              Tmut/Pois      1%         N/A       61%         3
 Olgreb's Toxic Radiance  Pois           1%         N/A       95%         4


Dungeon Overview and Level Annotations

Branches:
Dungeon (7/15)              Sewer (visited)
 Temple: D:4-7

Altars:
Okawaru


Innate Abilities, Weirdness & Mutations

You are too large for most types of armour.
You have claws for hands.
Your natural rate of healing is unusually fast.
You are covered in fur. (AC +1)
You have tough skin. (AC +1)


Message History

Okawaru accepts your kill. The hound completely misses you.
You barely miss the killer bee. The killer bee stings you.
A killer bee comes into view.
The hound bites you. The killer bee stings you.
A killer bee comes into view.
The hound misses you.
The killer bee attacks as you move away!
The killer bee stings you.
You are poisoned.
The killer bee poisons you!
You feel very sick.
The killer bee buzzes angrily.
The killer bee stings you.
You are more poisoned.
The killer bee poisons you!
You feel very sick. The killer bee stings you!
You are more poisoned.
The killer bee poisons you! The hound bites you but does no damage.
The killer bee attacks as you move away!
The killer bee stings you.
* * * LOW HITPOINT WARNING * * *
You feel very sick. The killer bee stings you!
* * * LOW HITPOINT WARNING * * *
You feel better.
The killer bee stings you but does no damage.
The killer bee stings you.
* * * LOW HITPOINT WARNING * * *
You are poisoned.
The killer bee poisons you!
As you read the scroll of fear, it crumbles to dust.
You assume a fearsome visage.
The kobold brigand looks frightened!
The hound looks frightened!
The killer bee looks frightened! x3
You feel very sick.
You feel better. The killer bee barely misses you. The killer bee stings you.
* * * LOW HITPOINT WARNING * * *
You closely miss the killer bee. The killer bee stings you!
You die...

#.# #.# ###.# ...# # ..#
## #. #.# ##..#.
#..###.##.....#
##...@...).yy#.
...h..y##.........
....###......##.#.###
#...# ###.##.# .#.##
#...# #.##.##.....
#...#####.......#.
#######...#........##.#.#
...........###.....##.# #
...........# #.....##.#


You could see a hound (fleeing) and 3 killer bees.

Vanquished Creatures
  Eustachio (D:4)
  Pargi (Sewer)
  A sky beast (D:7)
  2 centaurs
  An ogre (D:4)
  A bullfrog (D:7)
  2 scorpions
  An orc priest (D:6)
  2 orc wizards
  3 adders
  2 ufetubi
  3 worms
  2 dart slugs
  12 orcs
  2 bats
  5 endoplasms
  2 giant cockroaches
  2 goblins
  4 hobgoblins
  6 jackals
  A quokka (D:2)
  2 ball pythons
  2 frilled lizards (D:3)
  2 kobolds (D:4)
  2 rats
64 creatures vanquished.

Notes
Turn   | Place    | Note
-------+----------+-------------------------------------------
     0 | D:1      | Hrothgar the Troll Gladiator began the quest for the Orb.
     0 | D:1      | Reached XP level 1. HP: 19/19 MP: 0/0
    65 | D:1      | Reached XP level 2. HP: 24/27 MP: 1/1
   172 | D:2      | Reached XP level 3. HP: 28/35 MP: 2/2
   199 | D:2      | Learned a level 1 spell: Beastly Appendage
   419 | D:3      | Learned a level 1 spell: Sting
   484 | D:4      | Reached XP level 4. HP: 39/42 MP: 3/3
   484 | D:4      | Noticed an ogre
   493 | D:4      | Killed an ogre
   494 | D:4      | Reached skill level 4 in Unarmed Combat
   494 | D:4      | Reached XP level 5. HP: 49/49 MP: 4/4
   686 | D:4      | Reached skill level 1 in Armour
   724 | D:4      | Noticed Eustachio
   766 | D:4      | Killed Eustachio
   767 | D:4      | Reached XP level 6. HP: 22/57 MP: 4/6
   915 | D:4      | Found a glowing drain.
   937 | Sewer    | Entered a sewer
   955 | Sewer    | Reached skill level 1 in Transmutations
  1018 | Sewer    | Noticed Pargi
  1026 | Sewer    | Killed Pargi
  1027 | Sewer    | Reached skill level 1 in Stealth
  1027 | Sewer    | Reached skill level 5 in Unarmed Combat
  1120 | D:5      | Entered Level 5 of the Dungeon
  1169 | D:5      | Reached XP level 7. HP: 48/66 MP: 7/7
  1236 | D:6      | Reached skill level 1 in Poison Magic
  1248 | D:6      | Learned a level 2 spell: Wereblood
  1333 | D:6      | Reached skill level 1 in Spellcasting
  1623 | D:7      | Found an iron altar of Okawaru.
  1642 | D:7      | Became a worshipper of Warmaster Okawaru
  1848 | D:7      | Slain by a killer bee

Illustrated notes

Levels and vault maps discovered:
D:1:      roderic_dead_forest, layout_loops_ring,
          hellmonk_ecumenical_altar_defaced_shrine
D:2:      layout_rooms, basic_altar
D:3:      layout_rooms, chequers_decorated_corner, uniq_sigmund, uniq_robin
D:4:      layout_loops_corners, minmay_temple_entry_enclosed_plants,
          cheibrodos_sewer_entry_bend, chequers_serial_rivers_micro_b,
          uniq_crazy_yiuf_cottage, uniq_eustachio
D:5:      layout_basic, serial_shops, nicolae_shop_window_shopping, uniq_edmund
D:6:      layout_basic, minmay_lizard_king, uniq_grinder, uniq_maggie
D:7:      layout_loops_cross, mainiacjoe_overflow_alcove_4,
          nicolae_ru_the_path_less_chosen, minmay_misc_feat_x,
          minmay_manual_moon, uniq_pikel

Skill      XL: |  1  2  3  4  5  6  7 |
---------------+----------------------+-----
Fighting       | 2 |  2.6
Throwing       | 2 |  2.7
Dodging        | 3 |  3.9
Unarmed Combat | 4 5 |  5.9
Armour         | 1 |  1.6
Transmutations | 1 |  1.3
Stealth        | 1 |  1.3
Poison Magic   | 1 |  1.2
Spellcasting   | 1 |  1.1

Action                   |  1- 3 |  4- 6 |  7- 9 || total
-------------------------+-------+-------+-------++-------
Melee: Unarmed           |    89 |    84 |    63 ||   236
       Kick              |     2 |       |       ||     2
       Punch             |       |     4 |     1 ||     5
Throw: Throwing net      |       |     5 |       ||     5
 Cast: Sting             |     1 |       |     1 ||     2
       Beastly Appendage |     1 |       |       ||     1
  Use: Scroll            |     3 |     3 |     5 ||    11
       Potion            |       |     1 |     2 ||     3
 Stab: Held in net/web   |       |     2 |       ||     2
       Distracted        |       |       |     1 ||     1
Armor: Robe              |    27 |    40 |    22 ||    89
Dodge: Dodged            |    51 |    60 |    20 ||   131
